[Event "*** Titled Tuesday Blitz"]
[Site "Chess.com"]
[Date "2018.08.07"]
[Round "10"]
[White "b_6"]
[Black "CookiesAndIceCream"]
[Result "1-0"]
[WhiteElo "2381"]
[BlackElo "2246"]
[TimeControl "180+2"]
[EndTime "15:15:00 PDT"]
[Termination "b_6 won by resignation"]

1. d4 Nf6 2. Bf4 d5 3. e3 e6 4. Nd2 Bd6 5. Bg3 c5 6. c3 Qc7 7. Ngf3 Nbd7 8. Bd3 O-O 9. e4 dxe4 10. Nxe4 Nxe4 11.
Bxe4 Nf6 12. Bc2 b6 13. dxc5 Qxc5 14. Bxd6 1-0

[Event "*** Titled Tuesday Blitz"]
[Site "Chess.com"]
[Date "2018.08.07"]
[Round "10"]
[White "misha_melnichuk"]
[Black "dereito"]
[Result "0-1"]
[WhiteElo "2599"]
[BlackElo "2346"]
[TimeControl "180+2"]
[EndTime "15:16:00 PDT"]
[Termination "dereito won by resignation"]

1. Nf3 f5 2. g3 Nf6 3. Bg2 e6 4. O-O Be7 5. d4 O-O 6. c4 d6 7. Nc3 a5 8. Qc2 Nc6 9. a3 e5 10. d5 Nb8 11. b3 Na6 12. Bb2 Bd7 13. Nd2 e4 14. f3 e3 15. Ndb1 f4 16. gxf4 Nh5 17.
Nd1 Bf5 18. Qc1 Nxf4 19. Nxe3 Nxe2+ 0-1

[Event "*** Titled Tuesday Blitz"]
[Site "Chess.com"]
[Date "2018.08.07"]
[Round "10"]
[White "Zaven_ChessMood"]
[Black "nihalsarin"]
[Result "1-0"]
[WhiteElo "2887"]
[BlackElo "2757"]
[TimeControl "180+2"]
[EndTime "15:16:03 PDT"]
[Termination "Zaven_ChessMood won by resignation"]

1. e4 c5 2. Nf3 d6 3. d4 cxd4 4.
Nxd4 Nf6 5. Nc3 g6 6. h3 Bg7 7.
Be3 O-O 8. Qd2 Nc6 9. O-O-O Nxd4 10. Bxd4 Be6 11. f4 Rc8 12. Bd3 Qa5 13. Kb1 Rfe8 14. a3 Bc4 15. g4 e5 16. Be3 exf4 17. Bxf4 d5 18. Nxd5 Qxd2 19. Nxf6+ Bxf6 20. Rxd2 Be6 21. Rhd1 Kg7 22. Bb5 Red8 23. Bd7 Rxd7 24. Rxd7 Bxd7 25. Rxd7 Rc4 26. g5 Rxe4 27. gxf6+ Kxf6 28. Bd2 Ke6 29. Rxb7 Re2 30. Kc1 Rxd2 31. Kxd2 1-0

[Event "*** Titled Tuesday Blitz"]
[Site "Chess.com"]
[Date "2018.08.07"]
[Round "10"]
[White "BillForster"]
[Black "FearlessKing64"]
[Result "0-1"]
[WhiteElo "1635"]
[BlackElo "2224"]
[TimeControl "180+2"]
[EndTime "15:16:14 PDT"]
[Termination "FearlessKing64 won by checkmate"]

1. d4 Nf6 2. c4 g6 3. Nc3 d5 4. cxd5 Nxd5 5. Bd2 Bg7 6. e4 Nxc3 7. Bxc3 c5 8. Be2 cxd4 9. Bb4 Nc6 10. Ba3 O-O 11. Nf3 b5 12. Rc1 b4 13. Rxc6 bxa3 14. Rc4 axb2 15. O-O Ba6 16. Rxd4 Bxd4 17. Nxd4 Bxe2 18.
Nxe2 Qxd1 19. Rxd1 Rfc8 20. Rb1 Rc2 21. Nd4 Rc1+ 22.
Rxc1 bxc1=Q# 0-1

[Event "*** Titled Tuesday Blitz"]
[Site "Chess.com"]
[Date "2018.08.07"]
[Round "10"]
[White "TijanaBlagojevic"]
[Black "nailbeshirli"]
[Result "0-1"]
[WhiteElo "2361"]
[BlackElo "2516"]
[TimeControl "180+2"]
[EndTime "15:16:46 PDT"]
[Termination "nailbeshirli won by resignation"]

1. f4 c5 2. Nf3 Na6 3. e4 Nc7 4. c3 d6 5. d4 cxd4 6. cxd4 g6 7. Nc3 Bg7 8. d5 Nf6 9. Be2 O-O 10. O-O Rb8 11. Be3 b6 12. Bd4 Bb7 13. a4 Re8 14. b4 e6 15. dxe6 Nxe6 16. Bb5 Nxd4 17. Nxd4 Nxe4 18. Nce2 Rf8 19. Rc1 Qf6 20. Rc7 a6 21.
Bc6 Nc3 22. Qd2 Nxe2+ 23. Nxe2 Bc8 24. Rd1 Qd8 25. Qxd6 Qh4 26. Bd5 Bg4 27. Bxf7+ Kh8 28. Ng3 Rbd8 29. Qxd8 Rxd8 30. Rdc1 Bd4+ 31. Kh1 Be3 32. Re1 Bxf4 33. Kg1 Bxc7 0-1

[Event "*** Titled Tuesday Blitz"]
[Site "Chess.com"]
[Date "2018.08.07"]
[Round "10"]
[White "NikolaGry"]
[Black "Raja3401"]
[Result "1-0"]
[WhiteElo "2535"]
[BlackElo "2619"]
[TimeControl "180+2"]
[EndTime "15:16:51 PDT"]
[Termination "NikolaGry won by resignation"]

1. e4 c5 2. Nf3 d6 3. Bb5+ Nd7 4. O-O a6 5. Bxd7+ Bxd7 6. Re1 Nf6 7. c3 g6 8. d4 cxd4 9. cxd4 Bg7 10. Nc3 O-O 11.
h3 Bc6 12. Bg5 h6 13. Bxf6 Bxf6 14. Qd2 Kh7 15. Rad1 Rc8 16. d5 Bd7 17. e5 dxe5 18. Nxe5 Bf5 19. f4 Qb6+ 20. Kh2 Rfd8 21. Ne4 Bxe4 22.
Rxe4 Bxe5 23. fxe5 Qc5 24. Qf4 Kg7 25. d6 exd6 26.
Qf6+ Kg8 27. Rxd6 Re8 28. Rd7 Qf8 29. e6 1-0

[Event "*** Titled Tuesday Blitz"]
[Site "Chess.com"]
[Date "2018.08.07"]
[Round "10"]
[White "rikyshi"]
[Black "Perecke"]
[Result "1-0"]
[WhiteElo "2195"]
[BlackElo "1914"]
[TimeControl "180+2"]
[EndTime "15:16:54 PDT"]
[Termination "rikyshi won by resignation"]

1. d4 d5 2. c4 e6 3. Nc3 Nf6 4. cxd5 exd5 5. Bg5 Be7 6. Qc2 O-O 7. e3 h6 8. Bh4 c6 9. Bd3 Nbd7 10. Nge2 Re8 11. O-O Ne4 12. Bxe7 Qxe7 13. Rae1 f5 14. f3 Nd6 15. Ng3 g6 16. e4 dxe4 17. fxe4 fxe4 18. Ncxe4 Nf5 19. Nxf5 gxf5 20. Rxf5 Kg7 21. Ref1 Nf8 22. Rf7+ Qxf7 23. Rxf7+ Kxf7 24. Nd6+ Ke7 1-0

[Event "*** Titled Tuesday Blitz"]
[Site "Chess.com"]
[Date "2018.08.07"]
[Round "10"]
[White "nOcHeaTiNgKiD"]
[Black "djano"]
[Result "1-0"]
[WhiteElo "2387"]
[BlackElo "2364"]
[TimeControl "180+2"]
[EndTime "15:17:23 PDT"]
[Termination "nOcHeaTiNgKiD won by resignation"]

1. e4 c5 2. a3 g6 3. Bc4 Bg7 4. Nc3 e6 5. d3 Ne7 6. Ba2 O-O 7. h4 h5 8. g4 hxg4 9. h5 f5 10.
hxg6 Nxg6 11. exf5 Nh4 12. Qxg4 Nxf5 13. Bg5 Qe8 14.
O-O-O Nc6 15. Nf3 b5 16. Rdg1 b4 17. Ne4 Qg6 18. Qh3 bxa3 19. Bf6 Rxf6 20. Rxg6 Rxg6 21. Qh7+ Kf7 22. Nfg5+ Ke7 23. Qxg6 axb2+ 24. Kb1 Nb4 25. Rh7 Nxa2 26. Rxg7+ Nxg7 27. Qxg7+ 1-0

[Event "*** Titled Tuesday Blitz"]
[Site "Chess.com"]
[Date "2018.08.07"]
[Round "10"]
[White "norwaytoadog"]
[Black "fidetrainerNET"]
[Result "1-0"]
[WhiteElo "2127"]
[BlackElo "1927"]
[TimeControl "180+2"]
[EndTime "15:17:23 PDT"]
[Termination "norwaytoadog won by resignation"]

1. e4 c5 2. Nf3 d6 3. Bb5+ Nd7 4.
d4 cxd4 5. Qxd4 e5 6. Qd3 Nf6 7. Bg5 Be7 8. c4 O-O 9. Bxd7 Bxd7 10. Nc3 Bc6 11. Bxf6 Bxf6 12. O-O Qb6 13. b3 Rfd8 14. Rfd1 Rac8 15. Rac1 Qa5 16. h3 h6 17. Nh2 g6 18. Ng4 Bg7 19. Ne3 Kh7 20. Ned5 Rd7 21. a4 Qd8 22. b4 Qh4 23. b5 Bxd5 24. Nxd5 b6 25. Rc3 Rf8 26. Ra3 f5 27. exf5 gxf5 28. a5 e4 29. Qe3 bxa5 30. Rxa5 Qg4 1-0

[Event "*** Titled Tuesday Blitz"]
[Site "Chess.com"]
[Date "2018.08.07"]
[Round "10"]
[White "JozefKneht"]
[Black "JonahWillow"]
[Result "0-1"]
[WhiteElo "2349"]
[BlackElo "2686"]
[TimeControl "180+2"]
[EndTime "15:17:31 PDT"]
[Termination "JonahWillow won by resignation"]

1. d4 Nf6 2. Bf4 e6 3. e3 c5 4. c3 cxd4 5. exd4 Be7 6. Nf3 O-O 7. Bd3 b6 8. Nbd2 Ba6 9. Bxa6 Nxa6 10. O-O d6 11. Qe2 Nc7 12. Ne4 Ncd5 13. Bg3 Nxe4 14.
Qxe4 Nf6 15. Qe2 Re8 16. Rfe1 Bf8 17. Qb5 Qd7 18. Qxd7 Nxd7 19. Re2 Rac8 20. Rae1 d5 21. Ne5 Nxe5 22. Bxe5 b5 23. a3 a5 24. Rb1 Rc4 25. h3 Rec8 26. Kh2 f6 27. Bf4 Kf7 28. Bd2 Bd6+ 29. g3 R4c6 30. Kg2 b4 31. axb4 axb4 32. f3 Rb8 33. Rc1 Ra8 34. cxb4 Rxc1 35. Bxc1 Rc8 36. Bd2 Rc2 37. Kf2 Rxb2 38. Bc3 Rb3 39.
Bd2 Bxb4 40. Bxb4 Rxb4 41. Ke3 e5 42. dxe5 fxe5 43. Rd2 Ke6 44. Rc2 Rb3+ 45. Kf2 Rb7 46.
Rc6+ Kf5 47. Ke3 d4+ 48. Kf2 Rb2+ 49. Ke1 Rg2 50. g4+ Kf4 51. Re6 d3 52. Re7 h6 53.
Rf7+ Ke3 54. Kf1 Rf2+ 55. Kg1 Rxf3 56. Re7 e4 0-1

[Event "*** Titled Tuesday Blitz"]
[Site "Chess.com"]
[Date "2018.08.07"]
[Round "10"]
[White "Manukyan_Artak"]
[Black "murmah2003"]
[Result "1-0"]
[WhiteElo "2335"]
[BlackElo "2536"]
[TimeControl "180+2"]
[EndTime "15:17:49 PDT"]
[Termination "Manukyan_Artak won by resignation"]

1. e4 c5 2. Nf3 d6 3. Bb5+ Bd7 4. Bxd7+ Nxd7 5. c4 Ngf6 6. Nc3 Rc8 7. O-O g6 8. d3 Bg7 9. Rb1 a6 10. a3 O-O 11. Bg5 e6 12. Qd2 Qc7 13. Bh6 Ne5 14.
Ne1 Rfd8 15. Bxg7 Kxg7 16. f4 Nc6 17. f5 exf5 18. exf5 Nd4 19. fxg6 Qe7 20. gxf7 h6 21. Nf3 Rf8 22. Rbe1 Nxf3+ 23. Rxf3 Qxf7 24. Nd5 Qh5 25. Re7+ 1-0

[Event "*** Titled Tuesday Blitz"]
[Site "Chess.com"]
[Date "2018.08.07"]
[Round "10"]
[White "ZoltanChef"]
[Black "juniortay"]
[Result "1-0"]
[WhiteElo "2216"]
[BlackElo "2375"]
[TimeControl "180+2"]
[EndTime "15:17:49 PDT"]
[Termination "ZoltanChef won by resignation"]

1. e4 e5 2. Nf3 Nf6 3. Nc3 Nc6 4.
Bc4 Nxe4 5. Nxe4 d5 6. Bd3 dxe4 7. Bxe4 Bd6 8. O-O O-O 9. d3 f5 10. Bd5+ Kh8 11. Ng5 Qe8 12. c3 Qg6 13. f4 exf4 14.
Nh3 Ne7 15. Bb3 Bd7 16. Nxf4 Qf6 17. d4 c6 18. Qh5 Rae8 19. Bd2 Bxf4 20. Bxf4 Nd5 21.
Be5 Qg6 22. Qxg6 hxg6 23. Rf3 Nf6 24. Rh3+ Nh5 25. Rf1 Be6 26. Bxe6 Rxe6 27. g4 Kh7 28. gxh5 g5 29. Rg3 Kh6 30. Rgf3 f4 31. h4 Kxh5 32. hxg5 Rg6 33. Bxf4 Kg4 34. Rg3+ Kh5 35. Rf2 1-0

[Event "*** Titled Tuesday Blitz"]
[Site "Chess.com"]
[Date "2018.08.07"]
[Round "10"]
[White "ElHelvetico"]
[Black "evgenysharapov"]
[Result "1-0"]
[WhiteElo "2687"]
[BlackElo "2376"]
[TimeControl "180+2"]
[EndTime "15:17:55 PDT"]
[Termination "ElHelvetico won by resignation"]

1. e4 c5 2. Nf3 d6 3. d4 cxd4 4. Nxd4 Nf6 5. Nc3 Nc6 6. Bg5 Qb6 7. Nb3 e6 8. Bf4 Ne5 9. Be3 Qc7 10. Nb5 Qb8 11. f4 Nc6 12. Nc3 Be7 13. g4 d5 14.
e5 Nd7 15. Qd2 O-O 16. O-O-O a6 17. g5 b5 18. h4 Nb6 19. Nd4 Nxd4 20. Qxd4 Nc4 21.
Bxc4 dxc4 22. Ne4 Bb7 23. Rhg1 Bxe4 24. Qxe4 Rd8 25. h5 Qc7 26. g6 fxg6 27. hxg6 h6 28. f5 Bc5 29. f6 Bxe3+ 30. Qxe3 Rxd1+ 31. Rxd1 Rd8 32. f7+ Kf8 33. Rxd8+ Qxd8 34. Qc5+ Qe7 35. Qc8+ 1-0

[Event "*** Titled Tuesday Blitz"]
[Site "Chess.com"]
[Date "2018.08.07"]
[Round "10"]
[White "PaulfromSPb"]
[Black "luca_va99"]
[Result "1-0"]
[WhiteElo "2584"]
[BlackElo "2407"]
[TimeControl "180+2"]
[EndTime "15:17:58 PDT"]
[Termination "PaulfromSPb won by resignation"]

1. e4 e6 2. d4 d5 3. Nd2 Nf6 4. e5 Nfd7 5. Bd3 c5 6. c3 b6 7. a4 Ba6 8. Bb5 Bxb5 9. axb5 a5 10. Ne2 Be7 11. Nf3 O-O 12. O-O f5 13. exf6 Bxf6 14. Nf4 Re8 15. Re1 Nf8 16. dxc5 bxc5 17. Nxd5 Nbd7 18.
Nxf6+ Qxf6 19. Bg5 Qg6 20. Be3 Reb8 21. c4 Qf6 22. b3 Qf5 23. Qd2 a4 24. Rxa4 Rxa4 25.
bxa4 Nb6 26. Qd6 Rb7 27. Qc6 Qf7 28. Ne5 1-0

[Event "*** Titled Tuesday Blitz"]
[Site "Chess.com"]
[Date "2018.08.07"]
[Round "10"]
[White "Micki-taryan"]
[Black "Indianlad"]
[Result "0-1"]
[WhiteElo "2888"]
[BlackElo "2762"]
[TimeControl "180+2"]
[EndTime "15:18:04 PDT"]
[Termination "Indianlad won by resignation"]

1. Nf3 d5 2. g3 g6 3. c4 dxc4 4. Qa4+ Nc6 5. Qxc4 e5 6. d3 Be6 7. Qa4 Bg7 8. Nc3 Ne7 9. Bg2 O-O 10. O-O h6 11.
Rd1 a5 12. a3 Nf5 13. e3 Qd7 14. Qc2 Rfd8 15. b3 Ra6 16. Ne4 Rb6 17. Nc5 Qe7 18.
Nxe6 Qxe6 19. Nd2 e4 20. Bb2 exd3 21. Qc1 Bxb2 22. Qxb2 Ne5 23. Rac1 c6 24. Rc5 Ng4 25. Re1 Rb5 26. Rxb5 cxb5 27. Ne4 Qe5 28. Qd2 Nf6 29. Nxf6+ Qxf6 30. e4 Ne7 31. Qxa5 Nc6 32. Qxb5 Qc3 33. Rd1 Qc2 34. Rf1 d2 35. Bf3 Nd4 36. Bd1 Qxd1 37. Qb6 Qxf1+ 38. Kxf1 d1=Q+ 39. Kg2 Qf3+ 40. Kh3 Ne6 41.
Qxe6 fxe6 42. Kh4 Rd4 0-1

[Event "*** Titled Tuesday Blitz"]
[Site "Chess.com"]
[Date "2018.08.07"]
[Round "10"]
[White "m3alam"]
[Black "ShadowJolteon"]
[Result "0-1"]
[WhiteElo "2213"]
[BlackElo "2232"]
[TimeControl "180+2"]
[EndTime "15:18:12 PDT"]
[Termination "ShadowJolteon won by resignation"]

1. d4 Nf6 2. Nf3 e6 3. g3 b6 4.
Bg2 Bb7 5. O-O Be7 6. c4 O-O 7.
b3 d5 8. Ne5 c5 9. dxc5 Qc7 10.
Bb2 bxc5 11. cxd5 exd5 12. Nc3 d4 13. Bxb7 Qxb7 14. Na4 Nbd7 15. Nxd7 Qxd7 16. Qd3 Qh3 17. Qf3 Rac8 18. Rac1 Rfe8 19. Rc2 Bd6 20. Rfc1 Ng4 21.
Qg2 Qh6 22. h3 Nxf2 23. Qxf2 Re3 24. Rxc5 Bxc5 25. Rxc5 Rxc5 26. Nxc5 Qxh3 27. Ne4 Qg4 28. Qf4 Qxf4 29. gxf4 Rxe4 30. Kf2 Rxf4+ 0-1

[Event "*** Titled Tuesday Blitz"]
[Site "Chess.com"]
[Date "2018.08.07"]
[Round "10"]
[White "Arystanner23"]
[Black "tteshan"]
[Result "1-0"]
[WhiteElo "2566"]
[BlackElo "2063"]
[TimeControl "180+2"]
[EndTime "15:18:44 PDT"]
[Termination "Arystanner23 won by resignation"]

1. e4 c5 2. Nf3 Nc6 3. c3 e6 4.
g3 d5 5. exd5 exd5 6. Bg2 Nf6 7.
O-O Be7 8. d4 cxd4 9. Nxd4 Nxd4 10. Qxd4 O-O 11. Bf4 Be6 12. Nd2 Qd7 13. Nb3 Rac8 14.
Rad1 b6 15. Qd2 Rfd8 16. Nd4 Bh3 17. Rfe1 Bxg2 18. Kxg2 Ne4 19. Qe3 Bc5 20. Qf3 Qa4 21. a3 h6 22. Rd3 Re8 23. Be3 Rcd8 24. Red1 a6 25. Nf5 Bxe3 26. Nxe3 Nf6 27. Nxd5 Nxd5 28. Rxd5 Rc8 29. Rd7 Qb3 30. R1d5 Rf8 31. Rf5 Rcd8 32. Rfxf7 Rxf7 33. Rxd8+ Kh7 34. Qe4+ g6 35. Qe5 Rg7 36. Qe8 Rg8 37. Qxg8+ Qxg8 38. Rxg8 Kxg8 39. Kf3 1-0

[Event "*** Titled Tuesday Blitz"]
[Site "Chess.com"]
[Date "2018.08.07"]
[Round "10"]
[White "krzysztofszczurek"]
[Black "sandager"]
[Result "1-0"]
[WhiteElo "2340"]
[BlackElo "2024"]
[TimeControl "180+2"]
[EndTime "15:18:57 PDT"]
[Termination "krzysztofszczurek won on time"]

1. e4 e5 2. Nf3 Nc6 3. Bc4 Bc5 4. c3 Nf6 5. d3 O-O 6. Bb3 d6 7. Nbd2 h6 8. h3 Be6 9. Bc2 d5 10. Qe2 Re8 11. Nf1 Qd7 12. Ng3 a5 13. O-O d4 14. c4 a4 15. Nh4 Ne7 16. Qf3 Nh7 17. Bd2 Ng6 18. Nhf5 Ng5 19. Bxg5 hxg5 20. Qg4 f6 21.
Qf3 Nf4 22. Qd1 g6 23. Nh6+ Kg7 24. Ng4 Rh8 25. f3 Rh4 26. Kf2 b5 27. b3 Bb4 28.
Rb1 a3 29. Rc1 Bc3 30. cxb5 Qxb5 31. Bb1 Rah8 32. Ne2 f5 33. Nxc3 dxc3 34. Ne3 Nxg2 35. Nxg2 Rxh3 36. Rxc3 Qb6+ 37. Ke1 Rh2 38. Qc2 1-0

[Event "*** Titled Tuesday Blitz"]
[Site "Chess.com"]
[Date "2018.08.07"]
[Round "10"]
[White "chess4life23"]
[Black "Vuk2000"]
[Result "0-1"]
[WhiteElo "2289"]
[BlackElo "2664"]
[TimeControl "180+2"]
[EndTime "15:19:04 PDT"]
[Termination "Vuk2000 won by resignation"]

1. d4 e6 2. Nf3 Nf6 3. c4 b6 4. a3 Bb7 5. Nc3 d5 6. cxd5 exd5 7. Bg5 Be7 8. Rc1 O-O 9. e3 Ne4 10. Bf4 Nxc3 11. Rxc3 c5 12. dxc5 bxc5 13. Be2 Nd7 14.
O-O Bf6 15. Rc2 Bc6 16. Rd2 Qe7 17. Qc2 Nb6 18. Rc1 c4 19. Nd4 Bd7 20. Bf3 g6 21. Qd1 Ba4 22. Qe1 Rfe8 23. h3 Rac8 24. Bd1 Bd7 25. Bg4 Bxg4 26. hxg4 c3 27. Rxc3 Rxc3 28.
bxc3 Nc4 29. Ra2 Qe4 30. Qd1 Rc8 31. Ra1 Nb2 32. Qb3 Nd3 33. f3 Qe7 34. Kh2 Nxf4 35. exf4 Qe3 36. Kg3 Bxd4 37. Qb7 Qxc3 38. Qxd5 Qxa1 0-1

[Event "*** Titled Tuesday Blitz"]
[Site "Chess.com"]
[Date "2018.08.07"]
[Round "10"]
[White "TBergh98"]
[Black "Stormeman100100"]
[Result "1-0"]
[WhiteElo "2060"]
[BlackElo "2127"]
[TimeControl "180+2"]
[EndTime "15:19:17 PDT"]
[Termination "TBergh98 won by checkmate"]

1. Nf3 d5 2. c4 dxc4 3. Na3 a6 4. Nxc4 b5 5. Ne3 Bb7 6. g3 Nf6 7. Bg2 g6 8. O-O Bg7 9. d3 O-O 10. Qc2 Nbd7 11. Rb1 c5 12. b3 Rc8 13. Bb2 Qb6 14.
Rbc1 Rfd8 15. Qb1 Nb8 16. Rfd1 Nc6 17. a3 Nd4 18. Nxd4 cxd4 19. Bxb7 Qxb7 20. Ng2 Nd5 21. Rxc8 Rxc8 22. Rc1 Nc3 23. Bxc3 dxc3 24. b4 Qc6 25. Qb3 e6 26. e3 Qd5 27. Qxd5 exd5 28. d4 Bf8 29. Nf4 a5 30. Nxd5 axb4 31. axb4 Rc4 32. Rxc3 Rxc3 33. Nxc3 Bxb4 34. Nxb5 Kf8 35. f4 Ke7 36. e4 Ba5 37. Kf2 Ke6 38. d5+ Kd7 39.
e5 Bb6+ 40. Kf3 h5 41. h3 Bc5 42. g4 hxg4+ 43. hxg4 Bb4 44. Ke4 Bc5 45. f5 gxf5+ 46. gxf5 Bb6 47. e6+ fxe6 48. dxe6+ Ke7 49. Ke5 Bg1 50. f6+ Kf8 51. e7+ Kf7 52. Nd6+ Kg6 53. e8=Q+ Kh6 54. Nf5+ Kh7 55. Qf7+ Kh8 56. Qg7# 1-0

[Event "*** Titled Tuesday Blitz"]
[Site "Chess.com"]
[Date "2018.08.07"]
[Round "10"]
[White "Titus369"]
[Black "JSMastropiero"]
[Result "0-1"]
[WhiteElo "2263"]
[BlackElo "2358"]
[TimeControl "180+2"]
[EndTime "15:19:21 PDT"]
[Termination "JSMastropiero won by resignation"]

1. e4 e5 2. Nf3 Nc6 3. Bb5 a6 4.
Ba4 Nf6 5. O-O Be7 6. d3 b5 7.
Bb3 d6 8. a3 O-O 9. Nc3 Be6 10.
Nd5 Nb8 11. h3 Nxd5 12. exd5 Bf5 13. c4 Nd7 14. Bc2 Bg6 15. Qe2 f5 16. b3 Bf6 17.
Bb2 e4 18. Nd4 Bxd4 19. Bxd4 Qh4 20. dxe4 fxe4 21. Qe3 Rae8 22. Rae1 Ne5 23. Bxe5 Rxe5 24. Qg3 Qe7 25. Re3 Rg5 26. Qh2 Rf3 27. Rfe1 Rxe3 28. Rxe3 Qf6 29. Re1 Qc3 30. Rc1 Qd2 0-1

[Event "*** Titled Tuesday Blitz"]
[Site "Chess.com"]
[Date "2018.08.07"]
[Round "10"]
[White "dmosesov"]
[Black "francogreek"]
[Result "1/2-1/2"]
[WhiteElo "2266"]
[BlackElo "2417"]
[TimeControl "180+2"]
[EndTime "15:19:22 PDT"]
[Termination "Game drawn by agreement"]

1. e4 c5 2. Nf3 d6 3. Bb5+ Nc6 4. O-O Bd7 5. Re1 Nf6 6. c3 a6 7. Ba4 b5 8. Bc2 e5 9. d4 cxd4 10. cxd4 Bg4 11. dxe5 Nxe5 12. Nbd2 Be7 13. h3 Bh5 14. Qe2 Rc8 15. Bb3 O-O 16. Qe3 Nxf3+ 17. Nxf3 Nd7 18.
Nd4 Bf6 19. Nf5 Ne5 20. Qg3 Bg6 21. Bf4 Qb6 22. Rad1 Rfd8 23. Nxd6 Rxd6 24. Bxe5 Rxd1 25. Rxd1 Bxe4 26. Rd7 Bg6 27. Rd6 Bxe5 28. Qxe5 Qc7 29. Qd4 Re8 30. Qd2 a5 31. Rd7 Qb8 32. Qxa5 Qc8 33.
Qd2 Qc6 1/2-1/2

[Event "*** Titled Tuesday Blitz"]
[Site "Chess.com"]
[Date "2018.08.07"]
[Round "10"]
[White "vpantev"]
[Black "Supernotar"]
[Result "0-1"]
[WhiteElo "2520"]
[BlackElo "2486"]
[TimeControl "180+2"]
[EndTime "15:19:30 PDT"]
[Termination "Supernotar won by resignation"]

1. d4 d5 2. Bf4 Nf6 3. e3 e6 4.
Nf3 c5 5. c3 Nc6 6. Bd3 Bd6 7.
Bg3 Qe7 8. Ne5 O-O 9. Nd2 Nd7 10. f4 f6 11. Qh5 g6 12. Nxc6 bxc6 13.
Qh6 cxd4 14. exd4 e5 15. fxe5 fxe5 16. dxe5 Nxe5 17. Bxe5 Qxe5+ 18. Kd1 Bf5 19. Re1 Qxh2 20. Qxh2 Bxh2 21. Bxf5 Rxf5 22. Re2 Raf8 23. Nf3 Bg3 24. Kc2 R5f6 25. Rd1 Kg7 26. c4 Rd8 27. Nd4 Kf7 28. c5 Re8 29. Rxe8 Kxe8 30. Rd3 Rf2+ 31. Kb3 Rxg2 32. Nxc6 h5 33. Rxd5 h4 34. Rd8+ Kf7 35.
Rh8 Kg7 36. Rd8 h3 37. Rd7+ Kh6 38. Ne7 h2 39. Ng8+ Kg5 0-1

[Event "*** Titled Tuesday Blitz"]
[Site "Chess.com"]
[Date "2018.08.07"]
[Round "10"]
[White "gmjlh"]
[Black "NateSolon"]
[Result "1-0"]
[WhiteElo "2728"]
[BlackElo "2516"]
[TimeControl "180+2"]
[EndTime "15:19:50 PDT"]
[Termination "gmjlh won by resignation"]

1. d4 Nf6 2. Nf3 d5 3. Bf4 e6 4.
e3 Bd6 5. Bg3 O-O 6. c4 b6 7.
cxd5 exd5 8. Nc3 c6 9. Be2 Bf5 10. O-O Bxg3 11. hxg3 Nbd7 12. Rc1 Qe7 13. Ba6 Rab8 14.
Ne2 Qd6 15. Bd3 Bxd3 16. Qxd3 Ne4 17. Rc2 Rbc8 18. Rfc1 Rfd8 19. Nf4 g6 20. Qa3 Qxa3 21. bxa3 Nb8 22. Ne5 c5 23. dxc5 bxc5 24. g4 c4 25. f3 Nc5 26. g5 Nc6 27. Nxc4 dxc4 28. Rxc4 Nd3 29. Nxd3 Rxd3 30. Rxc6 Rxc6 31. Rxc6 Rxe3 32.
Ra6 Re7 33. Kf2 Kf8 34. a4 Ke8 35. a5 Kd8 36. Rd6+ Kc7 37. Rf6 Kd7 38. f4 Ke8 39. Kf3 Kd7 40. g4 Ke8 41. Rc6 Kd7 42. Rc1 Kd8 43. Rh1 Rc7 44. Rxh7 Ke7 45. f5 gxf5 46. gxf5 Rc5 47. Ke4 Rc4+ 48. Kd5 Ra4 49. g6 Rxa5+ 50. Ke4 Ra4+ 51. Ke5 Ra5+ 52. Kf4 Ra4+ 53. Kg5 1-0

[Event "*** Titled Tuesday Blitz"]
[Site "Chess.com"]
[Date "2018.08.07"]
[Round "10"]
[White "Laico"]
[Black "albi1999"]
[Result "0-1"]
[WhiteElo "2279"]
[BlackElo "2423"]
[TimeControl "180+2"]
[EndTime "15:19:54 PDT"]
[Termination "albi1999 won by checkmate"]

1. e4 e5 2. Nc3 Nf6 3. f4 d5 4. fxe5 Nxe4 5. Qf3 f5 6. d3 Nxc3 7. bxc3 d4 8. Qg3 Nc6 9. Be2 dxc3 10. Bh5+ Kd7 11. Bf7 h6 12. Nf3 Qe7 13. e6+ Kd8 14. O-O Bxe6 15. Bxe6 Qxe6 16. Re1 Qf6 17. Bf4 Bd6 18.
Bxd6 cxd6 19. Rab1 Kc7 20. Qf4 Rhe8 21. Qc4 g5 22. d4 g4 23. d5 gxf3 24. Rxb7+ Kd8 25. Rxe8+ Kxe8 26. dxc6 Qg6 27. g3 Kf8 28. c7 Rc8 29. Rb8 Qe8 30. Qb4 Qe1# 0-1

[Event "*** Titled Tuesday Blitz"]
[Site "Chess.com"]
[Date "2018.08.07"]
[Round "10"]
[White "Mbneu"]
[Black "NormWeinstein"]
[Result "1-0"]
[WhiteElo "2306"]
[BlackElo "2386"]
[TimeControl "180+2"]
[EndTime "15:19:55 PDT"]
[Termination "Mbneu won on time"]

1. d4 Nf6 2. c4 g6 3. Nc3 Bg7 4. e4 O-O 5. f4 c5 6. d5 d6 7. Nf3 e6 8. Be2 exd5 9. cxd5 Re8 10. e5 dxe5 11. fxe5 Ng4 12. e6 fxe6 13. Bg5 Qb6 14.
Qd2 Nd7 15. O-O Nde5 16. Nxe5 Nxe5 17. d6 Bd7 18. Ne4 Nf7 19. Be7 Qxb2 20. Qf4 Rf8 21. Bg4 Ne5 22. Nf6+ Kh8 23. Rab1 Qd4+ 24. Qxd4 cxd4 25. Nxd7 Nxd7 26. Bxe6 Rxf1+ 27. Kxf1 Nc5 28. Bd5 Be5 29. Rc1 Nd3 30. Rc7 Rb8 31. Rxb7 Rxb7 32. Bxb7 Nc5 33. Bc6 Ne6 34. Bd5 Nf4 35. d7 1-0

[Event "*** Titled Tuesday Blitz"]
[Site "Chess.com"]
[Date "2018.08.07"]
[Round "10"]
[White "ShadyH9"]
[Black "Mimsychess"]
[Result "0-1"]
[WhiteElo "2233"]
[BlackElo "2279"]
[TimeControl "180+2"]
[EndTime "15:19:57 PDT"]
[Termination "Mimsychess won by checkmate"]

1. d4 Nf6 2. c4 g6 3. Nc3 Bg7 4. e4 d6 5. Nf3 O-O 6. Be2 e5 7. O-O Nbd7 8. Qc2 Re8 9. d5 Nh5 10. g3 a5 11. Bg5 Bf6 12. Be3 Ng7 13. a3 Be7 14. Nd2 f5 15. f3 Bg5 16. Bf2 Rf8 17. b4 Nf6 18. Kg2 Qd7 19. Rfe1 axb4 20. axb4 Rxa1 21. Rxa1 Bxd2 22. Qxd2 fxe4 23. Nxe4 Nxe4 24.
fxe4 Qh3+ 25. Kg1 Rxf2 26. Kxf2 Qxh2+ 27. Ke3 Qxg3+ 28. Bf3 Nh5 29. Ra8 Qf4+ 30. Kd3 Qxf3+ 31. Qe3 Nf4+ 32. Kd2 Qg2+ 33. Kc3 Ne2+ 34. Kb3 Nd4+ 35. Kc3 Qc2# 0-1

[Event "*** Titled Tuesday Blitz"]
[Site "Chess.com"]
[Date "2018.08.07"]
[Round "10"]
[White "ChessicallyInclined"]
[Black "Maili15"]
[Result "1-0"]
[WhiteElo "2352"]
[BlackElo "2253"]
[TimeControl "180+2"]
[EndTime "15:19:59 PDT"]
[Termination "ChessicallyInclined won by resignation"]

1. e4 c5 2. Nf3 e6 3. d4 cxd4 4. Nxd4 a6 5. c4 Nf6 6. Nc3 Qc7 7. Be2 Bb4 8. Qd3 Nc6 9. O-O Bxc3 10. bxc3 d6 11. Qg3 g6 12. Ba3 Nxe4 13. Qf4 f5 14.
Qe3 Kf7 15. Rad1 Rd8 16. Qh6 Kg8 17. Bf3 Nf6 18. Nxc6 bxc6 19. Qg5 Kg7 20. Rfe1 e5 21. c5 d5 22. Bc1 e4 23. Qh6+ Kg8 24. Bg5 Qf7 25.
Be2 Be6 26. Qh4 Rf8 27. Rb1 Nd7 28. Rb7 Rfb8 29. Rc7 Qe8 30. Rxc6 Rc8 31. Rxc8 Rxc8 32. Bxa6 Rxc5 33. Be3 Ra5 34. Bf1 Rxa2 35. Bd4 Nb8 36.
Qf6 Qd7 37. Qh8+ Kf7 38. Qxh7+ Ke8 39. Qh8+ Ke7 40. Bf6+ Kd6 41. Qxb8+ Kc6 42. Bb5+ 1-0